 Dungeon Crawl Stone Soup version 0.28-a0-1312-g71652a0310 (webtiles) character file.

Game seed: 9240313410360764541

19185 dolemite99 the Fighter (level 12, -9/105 HPs)
             Began as a Vine Stalker Berserker on Dec 28, 2021.
             Was an Elder of Trog.
             Succumbed to a redback's poison
             ... on level 2 of the Lair of Beasts.
             The game lasted 00:23:32 (13537 turns).

dolemite99 the Fighter (Vine Stalker Berserker)    Turns: 13537, Time: 00:23:33

Health: -9/105     AC: 19    Str: 31    XL:     12   Next: 66%
Magic:  13/22      EV: 11    Int:  7    God:    Trog [****..]
Gold:   695        SH:  3    Dex: 14    Spells: 11/11 levels left

rFire   + . .      SeeInvis .   a - +7 Spriggan's Knife {stab, EV+4 Stlth+}
rCold   + . .      Faith    .   c - +0 buckler
rNeg    . . .      Spirit   +   r - +0 plate armour
rPois   .          Reflect  .   M - +0 helmet
rElec   .          Harm     .   s - scarf {rC+ rF+}
rCorr   .          Rampage  .   m - +0 pair of gloves
Will    +++..                   d - +2 pair of boots
Stlth   ..........              (no amulet)
HPRegen 2.07/turn               q - ring of magical power
MPRegen 0.18/turn               L - +6 ring of strength

@: berserking, lethally poisoned (-9 -> -100), strong-willed, regenerating, very
quick
A: fangs 3, regeneration 1, magic shield, antimagic bite, no potion heal 2
a: Renounce Religion, Berserk, Trog's Hand, Brothers in Arms


You were on level 2 of the Lair of Beasts.
You worshipped Trog.
Trog was greatly pleased with you.
You visited 2 branches of the dungeon, and saw 14 of its levels.

You collected 695 gold pieces.

Inventory:

Hand Weapons
 a - the +7 Spriggan's Knife (weapon) {stab, EV+4 Stlth+}
   (You acquired it on level 4 of the Dungeon)

   It is more effective when stabbing unaware enemies, treating them as though
   they were completely helpless.
   EV:        It affects your evasion (+4).
   Stlth:     It makes you more stealthy.
 b - a +4 hunting sling of flaming
 v - a +0 dagger of protection
 D - a +1 scimitar of flaming
Missiles
 e - 50 sling bullets
 h - 396 stones
 l - 90 poisoned darts (quivered)
 x - 3 silver javelins
 G - 3 boomerangs
 J - 5 atropa-tipped darts
 O - 3 throwing nets
Armour
 c - a +0 buckler (worn)
 d - a +2 pair of boots (worn)
 k - a +0 kite shield
 m - a +0 pair of gloves (worn)
 r - a +0 plate armour (worn)
 s - a scarf of resistance (worn)
 M - a +0 helmet (worn)
Jewellery
 f - an amulet of magic regeneration
 p - a +6 ring of intelligence
 q - a ring of magical power (left hand)
 H - a ring of fire
 K - a ring of willpower
 L - a +6 ring of strength (right hand)
Wands
 o - a wand of paralysis (3)
Scrolls
 g - 2 scrolls of blinking
 n - 3 scrolls of fear
 t - 2 scrolls of vulnerability
 u - a scroll of enchant armour {unknown}
 w - a scroll of silence
 y - 5 scrolls of teleportation
 E - 2 scrolls of fog
 P - a scroll of holy word
Potions
 i - 4 potions of heal wounds
 j - a potion of might
 z - a potion of brilliance
 A - a potion of cancellation
 B - 2 potions of mutation
 F - a potion of ambrosia
 I - 2 potions of degeneration
 N - 2 potions of magic


   Skills:
 + Level 11.1 Fighting
 - Level 10.0 Short Blades
 - Level 4.0 Slings
 + Level 7.4 Armour
 - Level 1.5 Dodging
 - Level 8.7 Evocations


You had 11 spell levels left.
You didn't know any spells.
Your spell library was empty.

Dungeon Overview and Level Annotations

Branches:
Dungeon (12/15)            Temple (0/1) D:4            Lair (2/6) D:11
    Orc (0/2) D:10
  Swamp: Lair:2-4    Shoals: Lair:2-4     Snake: Lair:2-4    Spider: Lair:2-4

Altars:
Fedhas
Makhleb
Okawaru
Ru
Sif Muna
Uskayaw
Wu Jian
Xom
Yredelemnul
Zin
The Shining One

Annotations:
D:2 exclusion: downstairs
D:3 Grinder
D:5 1 transporter, Adrian566's ghost, amateur DrFi
D:6 3 runed translucent doors, Clumpoid's ghost, amateur DgFi
D:7 3 runed translucent doors, Clumpoid's ghost, novice TrMo; sirJeffrey23's ghost, novice HOFi
D:12 exclusion: obsidian statue


Innate Abilities, Weirdness & Mutations

You have razor-sharp teeth.
Your natural rate of healing is unusually fast.
When hurt, damage is shared between your health and your magic reserves.
Your bite disrupts and absorbs the magic of your enemies.
Potions cannot restore your health.


Message History

You are too injured to fight recklessly!
You are too injured to fight recklessly!
You are too injured to fight recklessly!
You are too injured to fight recklessly!
You are too injured to fight recklessly!
You are too injured to fight recklessly!
You are too injured to fight recklessly!
You are too injured to fight recklessly!
You are too injured to fight recklessly!
You are too injured to fight recklessly!
You are too injured to fight recklessly!
You are too injured to fight recklessly!
You hit the redback. You bite the redback, but do no damage.
The redback is moderately wounded.
You feel extremely sick. The redback bites you!
* * * LOW HITPOINT WARNING * * *
You are more poisoned.
The redback poisons you!
The redback bites you but does no damage.
You closely miss the redback. You bite the redback. You drain its power.
You feel invigorated.
The redback is moderately wounded.
* * * LOW HITPOINT WARNING * * *
You feel extremely sick. You block the redback's attack.
The redback bites you but does no damage.
It was a potion of berserk rage.
A red film seems to cover your vision as you go berserk!
You feel yourself moving faster!
You feel mighty!
* * * LOW HITPOINT WARNING * * *
You feel extremely sick. The redback bites you.
You are more poisoned.
The redback poisons you! The redback closely misses you.
The redback bites you but does no damage.
You puncture the redback!
You kill the redback!
Trog accepts your kill.
You die...

#.... ###≈.≈ #...#
#... #...## #...
#....### ##.. #..ss^^#
#.. #.##^^...# ###.≈
#..##ss^^. #.#.≈
#..†##^..^ ##..≈
#..s@# .(. ##.≈
##.######.( #..≈
#..###..##. #P.≈
##.#.P...###### ####.≈
#............###.#...
#....................
#......b.............
##....................
#.....................


You could see a redback.

Vanquished Creatures
  A boulder beetle (Lair:2)
  Harold (D:9)
  Erica (D:9)
  3 two-headed ogres
  Maurice (D:9)
  A black mamba (Lair:2)
  5 cane toads
  Maggie (Lair:2)
  2 rime drakes (Lair:2)
  2 komodo dragons
  A polar bear (Lair:1)
  2 trolls
  A hornet (D:9)
  3 blink frogs (Lair:1)
  A meliai zombie (D:7)
  3 shadows
  3 wyverns (D:11)
  29 yaks
  2 wraiths (D:11)
  2 basilisks (Lair:1)
  2 steam dragons
  A redback (Lair:2)
  6 water moccasins
  2 sky beasts
  3 orc warriors
  2 ice beasts (D:6)
  6 black bears
  5 ogres
  A phantom (D:5)
  7 bullfrogs
  A kobold brigand (D:7)
  A gnoll sergeant (D:4)
  2 scorpions
  A howler monkey (D:11)
  A crimson imp (D:5)
  4 centaur zombies
  5 hounds
  3 orc priests
  A bullfrog skeleton (D:6)
  3 centaur skeletons
  A jelly (D:7)
  5 iguanas
  3 orc wizards
  Ijyb (D:5)
  2 howler monkey zombies
  5 gnolls (D:4)
  5 adders
  2 shadow imps
  A white imp (D:6)
  2 worms (D:4)
  2 dart slugs
  22 orcs
  6 ball pythons
  3 bats
  3 endoplasms
  A giant cockroach (D:4)
  2 goblins
  6 hobgoblins
  8 jackals
  4 quokkas
  2 frilled lizards
  7 kobolds
  4 rats
219 creatures vanquished.

Vanquished Creatures (collateral kills)
  3 yaks (Lair:1)
3 creatures vanquished.

Vanquished Creatures (others)
  2 orc wizards (D:4)
  4 fungi
  7 plants
13 creatures vanquished.

Grand Total: 235 creatures vanquished

Notes
Turn   | Place    | Note
-------+----------+-------------------------------------------
     0 | D:1      | dolemite99 the Vine Stalker Berserker began the quest for
                  | the Orb.
     0 | D:1      | Reached XP level 1. HP: 11/11 MP: 2/2
   283 | D:1      | Reached XP level 2. HP: 16/16 MP: 3/3
   951 | D:1      | Found a faded altar of an unknown god.
  1018 | D:1      | Reached skill level 3 in Fighting
  1542 | D:2      | Reached XP level 3. HP: 5/20 MP: 0/4
  2961 | D:2      | Found a glowing golden altar of the Shining One.
  3689 | D:3      | Gained mutation: Your natural rate of healing is unusually
                  | fast. [Vine Stalker growth]
  3689 | D:3      | Reached XP level 4. HP: 20/24 MP: 3/5
  3699 | D:3      | Noticed Grinder
  3706 | D:3      | Paralysed by Grinder for 2 turns
  4552 | D:4      | Reached XP level 5. HP: 26/28 MP: 6/6
  4681 | D:4      | Found a staircase to the Ecumenical Temple.
  4823 | D:4      | Reached skill level 4 in Fighting
  4823 | D:4      | Reached skill level 5 in Short Blades
  4823 | D:4      | Reached XP level 6. HP: 12/33 MP: 2/7
  5045 | D:4      | Identified a scroll of acquirement
  5045 | D:4      | Acquired the +7 Spriggan's Knife {stab, EV+4 Stlth+}
  5045 | D:4      | Found the +7 Spriggan's Knife {stab, EV+4 Stlth+}
  5093 | D:4      | Reached ** piety under Trog
  5186 | D:4      | Found a shimmering blue altar of Sif Muna.
  5664 | D:5      | Entered Level 5 of the Dungeon
  5673 | D:5      | Reached XP level 7. HP: 27/37 MP: 4/8
  5855 | D:5      | Noticed Ijyb
  5870 | D:5      | Killed Ijyb
  5975 | D:5      | Identified the +0 great mace of Eceile {drain, +Blink rCorr
                  | Str+2 Dex-4}
  5976 | D:5      | Found a transporter.
  5983 | D:5      | Noticed Adrian566's ghost (amateur DrFi)
  6216 | D:5      | Found a shimmering altar of Xom.
  6216 | D:5      | Found a burning altar of Makhleb.
  6470 | D:6      | Gained mutation: You have razor-sharp teeth. [Vine Stalker
                  | growth]
  6470 | D:6      | Reached XP level 8. HP: 42/42 MP: 9/9
  6899 | D:6      | Found a runed translucent gate.
  6899 | D:6      | Found a runed translucent gate.
  6901 | D:6      | Found a runed translucent gate.
  6901 | D:6      | Noticed Clumpoid's ghost (amateur DgFi)
  7235 | D:6      | Reached skill level 10 in Short Blades
  7485 | D:6      | Reached skill level 1 in Slings
  7485 | D:6      | Reached XP level 9. HP: 45/45 MP: 10/10
  7937 | D:7      | Found a runed translucent gate.
  7937 | D:7      | Found a runed translucent gate.
  7938 | D:7      | Found a runed translucent gate.
  7944 | D:7      | Noticed sirJeffrey23's ghost (novice HOFi)
  7944 | D:7      | Noticed Clumpoid's ghost (novice TrMo)
  8201 | D:7      | Found a blossoming altar of Fedhas.
  8206 | D:7      | Found a glowing silver altar of Zin.
  8267 | D:7      | Reached skill level 5 in Fighting
  8316 | D:7      | Reached *** piety under Trog
  8565 | D:8      | Found a sacrificial altar of Ru.
  8585 | D:8      | Noticed a two-headed ogre
  8594 | D:8      | Killed a two-headed ogre
  8595 | D:8      | Reached skill level 7 in Fighting
  8595 | D:8      | Reached XP level 10. HP: 55/55 MP: 11/11
  9084 | D:9      | Noticed Erica
  9094 | D:9      | Killed Erica
  9112 | D:9      | Paralysed by a hornet for 2 turns
  9273 | D:9      | Reached skill level 5 in Evocations
  9510 | D:9      | Noticed Maurice
  9511 | D:9      | Noticed Harold
  9522 | D:9      | Killed Harold
  9527 | D:9      | Killed Maurice
  9528 | D:9      | Reached XP level 11. HP: 46/58 MP: 12/12
  9643 | D:10     | Entered Level 10 of the Dungeon
  9814 | D:10     | Found an iron altar of Okawaru.
  9814 | D:10     | Found a basalt altar of Yredelemnul.
  9853 | D:10     | Found a staircase to the Orcish Mines.
 10469 | D:11     | Reached skill level 8 in Fighting
 10499 | D:11     | Reached **** piety under Trog
 10606 | D:11     | Noticed a two-headed ogre
 10617 | D:11     | Killed a two-headed ogre
 10967 | D:11     | Reached skill level 9 in Fighting
 11076 | D:11     | Found a staircase to the Lair.
 11370 | D:11     | Noticed a two-headed ogre
 11381 | D:11     | Killed a two-headed ogre
 11578 | D:12     | Noticed an obsidian statue
 11579 | D:12     | Noticed a sixfirhy
 11587 | D:12     | Noticed a five-headed hydra
 11665 | Lair:1   | Entered Level 1 of the Lair of Beasts
 11675 | Lair:1   | Reached skill level 5 in Armour
 11952 | D:11     | Reached XP level 12. HP: 60/67 MP: 13/13
 12177 | Lair:1   | Reached skill level 10 in Fighting
 13008 | Lair:2   | Found a hide-covered altar of Uskayaw.
 13009 | Lair:2   | Noticed a boulder beetle
 13017 | Lair:2   | Found an ornate altar of the Wu Jian Council.
 13025 | Lair:2   | Noticed Maggie
 13067 | Lair:2   | Killed a boulder beetle
 13078 | Lair:2   | Killed Maggie
 13367 | Lair:2   | Reached skill level 11 in Fighting
 13536 | Lair:2   | HP: 1/105 [poisoned by a redback]
 13537 | Lair:2   | Succumbed to a redback's poison

Illustrated notes

Levels and vault maps discovered:
D:1:      saegor_arrival_fortress, layout_basic,
          shapermc_ecumenical_altar_hornbeckon
D:2:      layout_rooms, basic_altar
D:3:      layout_basic, uniq_grinder
D:4:      layout_loops_ring, led_sif_book, minmay_temple_entry_antechambers,
          grunt_tough_drop
D:5:      layout_basic, grunt_temple_overflow_champion_of_chaos,
          gammafunk_ghost_smash, minmay_misc_feat_diagonals,
          minmay_misc_feat_tiny, eino_tiny_chamber, minmay_joined_circles,
          uniq_ijyb
D:6:      layout_cave_pods, gammafunk_ghost_nasty_kobolds
D:7:      layout_loops_cross, jmf_multi_god_temple, gammafunk_ghost_cemetery
D:8:      layout_basic, mainiacjoe_overflow_catwalk, minmay_microvault
D:9:      layout_rooms, serial_park_tiny_1, uniq_maurice, uniq_harold,
          uniq_erica
D:10:     layout_irregular_city, chequers_temple_overflow_statue_of_worship,
          david_orc_3
D:11:     layout_rooms, erik_lair_dragon
D:12:     layout_rooms, portal_ice_cave_entry_pillars_1, serial_shops,
          bzr_entry_gold, hangedman_devilish_allure
Lair:1:   layout_cave_shapes, beast_lair_carwin_9
Lair:2:   cheibrodos_lair_river_kwai, layout_gridlike,
          spider_nest_entry_funnel_web, st_stairs_5,
          nzn_masters_of_martial_movement, serial_bayou_shore_a,
          lemuel_fruit_fields, grunt_megastairs_1, uniq_maggie

Skill      XL: |  1  2  3  4  5  6  7  8  9 10 11 12 |
---------------+-------------------------------------+-----
Short Blades   | 3 4 5 6 7 10 | 10.0
Fighting       | 3 4 7 9 11 | 11.1
Slings         | 1 3 4 |  4.0
Armour         | 4 5 7 |  7.4
Evocations     | 7 8 |  8.7
Dodging        | |  1.5

Action                   |  1- 3 |  4- 6 |  7- 9 | 10-12 || total
-------------------------+-------+-------+-------+-------++-------
Melee: Short sword       |    51 |       |       |       ||    51
       Bite              |    37 |    49 |    79 |   187 ||   352
       Dagger            |    83 |    86 |    30 |       ||   199
       Knife             |       |    39 |   220 |   389 ||   648
 Fire: Hunting sling     |       |     1 |     5 |    28 ||    34
Throw: Stone             |    38 |    25 |    42 |     1 ||   106
       Dart              |       |       |       |    15 ||    15
       Throwing net      |       |       |       |     4 ||     4
Invok: Berserk           |     5 |     2 |     6 |     3 ||    16
       Trog's Hand       |       |       |       |     8 ||     8
       Brothers in Arms  |       |       |       |     1 ||     1
Evoke: Wand              |       |       |     4 |    33 ||    37
  Use: Scroll            |     2 |     8 |     1 |    13 ||    24
       Potion            |       |     1 |       |     1 ||     2
Armor: Animal skin       |    14 |       |       |       ||    14
       Plate armour      |    27 |   113 |   111 |   134 ||   385
       Chain mail        |     3 |       |       |       ||     3
Dodge: Dodged            |    81 |    77 |   100 |   101 ||   359
Block: Buckler           |       |     5 |    33 |    44 ||    82

Table legend: (Time is in decaauts)
 A = Elapsed time spent in this place.
 B = Non-inter-level travel time spent in this place.
 C = Inter-level travel time spent in this place.
 D = Time resting spent in this place.
 E = Time spent auto-exploring this place.
 F = Levels seen in this place.
 G = Mean time per level.
                   A        B        C        D        E       F      G
               +--------+--------+--------+--------+--------+-----+--------+
         Total |  13411 |  12934 |    477 |   3876 |   6385 |  14 |  957.9 |
       Dungeon |  11868 |  11435 |    433 |   3857 |   5279 |  12 |  989.0 |
          Lair |   1543 |   1500 |     43 |     19 |   1106 |   2 |  771.5 |
               +--------+--------+--------+--------+--------+-----+--------+

Top non-repeatable levels by time:
     D:1: 2117 daAuts
     D:2: 1579 daAuts
    D:11: 1413 daAuts
     D:6: 1219 daAuts
     D:4: 1154 daAuts
  Lair:1: 1008 daAuts
     D:3: 849 daAuts
     D:5: 817 daAuts
    D:10: 798 daAuts
     D:7: 790 daAuts
     D:9: 569 daAuts
     D:8: 534 daAuts
  Lair:2: 534 daAuts
    D:12: 24 daAuts
